 Dungeon Crawl Stone Soup version 0.22.1-6-g1668fe2 (webtiles) character file.

44 Kairos the Skirmisher (level 3, -2/20 HPs)
             Began as a Vine Stalker Fighter on Jan 16, 2019.
             Slain by a hobgoblin (3 damage)
             ... on level 2 of the Dungeon.
             The game lasted 00:01:05 (730 turns).

Kairos the Skirmisher (Vine Stalker Fighter)         Turns: 730, Time: 00:01:07

Health: -2/20      AC:  6    Str: 19    XL:     3   Next: 60%
Magic:  0/4        EV:  7    Int:  8    God:
Gold:   54         SH:  9    Dex: 13    Spells: 2/2 levels left

rFire    . . .     SeeInvis .   a - +0 war axe
rCold    . . .     Gourm    .   c - +0 shield
rNeg     . . .     Faith    .   b - +0 scale mail
rPois    .         Spirit   +   (no helmet)
rElec    .         Reflect  .   (no cloak)
rCorr    +         Harm     .   (no gloves)
MR       .....                  (no boots)
Stlth    ..........             (no amulet)
HPRegen  0.06/turn              h - ring of resist corrosion
MPRegen  0.09/turn              (no ring)

@: no status effects
A: fangs 2, magic shield, antimagic bite, no potion heal 3, rot immunity
a: no special abilities


You were on level 2 of the Dungeon.
You were not hungry.

You visited 1 branch of the dungeon, and saw 2 of its levels.

You collected 54 gold pieces.

Inventory:

Hand Weapons
 a - a +0 war axe (weapon)
Armour
 b - a +0 scale mail (worn)
 c - a +0 shield (worn)
Jewellery
 h - a ring of resist corrosion (left hand)
Scrolls
 e - 2 scrolls of fear {unknown}
 g - a scroll of magic mapping {unknown}
 j - a scroll of fog {unknown}
Potions
 d - a potion of might
 i - a potion of lignification {unknown}
 k - a potion of invisibility {unknown}
Comestibles
 f - 2 rations


   Skills:
 + Level 3.2 Fighting
 + Level 2.1 Axes
 + Level 2.8 Armour
 + Level 3.1 Shields


You had 2 spell levels left.
You didn't know any spells.
Your spell library was empty.

Dungeon Overview and Level Annotations

Branches:
Dungeon (2/15)

Altars:


Innate Abilities, Weirdness & Mutations

You have extremely sharp teeth.
When hurt, damage is shared between your health and your magic reserves.
Your bite disrupts and absorbs the magic of your enemies.
Potions cannot restore your health.
You are immune to rotting.


Message History

You miss the frilled lizard. Your bite misses the frilled lizard.
The frilled lizard bites you but does no damage.
You closely miss the frilled lizard.
You bite the frilled lizard, but do no damage.
You block the frilled lizard's attack. The frilled lizard barely misses you.
You closely miss the frilled lizard. Your bite misses the frilled lizard.
The frilled lizard bites you but does no damage.
You hit the frilled lizard.
You kill the frilled lizard!
The hobgoblin hits you but does no damage.
You barely miss the hobgoblin. Your bite misses the hobgoblin.
The gnoll closely misses you. You block the gnoll's attack.
You block the hobgoblin's attack. You block the gnoll's attack.
Your shield and scale mail prevent you from hitting the hobgoblin.
Your bite misses the hobgoblin.
The gnoll hits you from afar with a halberd!
* * * LOW HITPOINT WARNING * * *
The hobgoblin hits you but does no damage.
The gnoll barely misses you. The hobgoblin hits you.
You die...

.#.#.#.#.#
######.##...##.#
....<....#
#.##..###.#
.#.#.#.#.# #..#..#
#.# ...$.....#
##.#... ..
.#g#.#.#.## #.#....
..........# #.#.....
.#.#.#.#g#.## #.#
......g(g##.######g#
.#.#.#.#....gggg@..#
.........##.########
.#.#.#.#.#.##
........#.##
.#.#.#.#.##
#########


You could see 3 gnolls and 2 hobgoblins.

Vanquished Creatures
  A gnoll (D:2)
  A dart slug (D:2)
  2 leopard geckos
  A ball python (D:1)
  2 bats
  A giant cockroach (D:1)
  4 goblins (D:1)
  A hobgoblin (D:1)
  4 jackals (D:1)
  4 kobolds
  A quokka (D:2)
  3 frilled lizards (D:2)
  3 rats
28 creatures vanquished.

Notes
Turn   | Place    | Note
-------+----------+-------------------------------------------
     0 | D:1      | Kairos the Vine Stalker Fighter began the quest for the
                  | Orb.
     0 | D:1      | Reached XP level 1. HP: 11/11 MP: 2/2
    77 | D:1      | Reached XP level 2. HP: 16/16 MP: 3/3
   595 | D:2      | Reached XP level 3. HP: 15/20 MP: 4/4
   730 | D:2      | HP: 1/20 [gnoll/halberd (9)]
   730 | D:2      | Slain by a hobgoblin

Skill      XL: |  1  2 |
---------------+-------+-----
Fighting       | 3 |  3.2
Axes           | 2 |  2.1
Shields        | 3 |  3.1
Armour         | |  2.8

Action                   || total
-------------------------++-------
Melee: War axe           ||    88
       Bite              ||    23
Armor: Scale mail        ||    45
Dodge: Dodged            ||    34
Block: Shield            ||    48
